Map: Efflorescence LE

Players

Maxxor - Winner!

  • Race: Protoss Protoss
  • Spawn Location: 9:00

FTFTXH - Winner!

  • Race: Protoss Protoss
  • League: Silver
  • Spawn Location: 6:00

qqq

  • Race: Protoss Protoss
  • Spawn Location: 12:00

Massa

  • Race: Terran Terran
  • Spawn Location: 3:00

VOD

Have the link to the VOD?

Description

Time

  • Played on: Oct. 1, 2020, 4:55 p.m.
  • Length: 12:04
Show
View Real Time Build Order
Export as new Build Order

Maxxor Protoss - Winner!

Build Orders: Carriers 

Get SALT Encoding   

  12  0:00  Probe (Chrono Boost)  
  13  0:10  Probe (Chrono Boost)  
  14  0:21  Pylon  
  14  0:32  Probe  
  15  0:40  Forge  
  15  1:02  Pylon  
  15  1:07  Pylon  
  15  1:12  Probe  
  16  1:24  Probe  
  17  1:38  Photon Cannon  
  17  1:40  Gateway  
  17  2:14  Probe  
  18  2:17  Assimilator  
  18  2:26  Probe  
  18  2:28  Nexus  
  19  2:34  Assimilator  
  19  2:38  Probe (Chrono Boost)  
  20  2:47  Probe (Chrono Boost)  
  21  2:52  Probe  
  22  3:05  Probe  
  22  3:11  Pylon  
  23  3:13  Cybernetics Core  
  23  3:29  Probe  
  23  3:32  Assimilator  
  24  3:38  Pylon  
  24  3:41  Probe (Chrono Boost)  
  25  3:52  Probe (Chrono Boost)  
  26  3:57  Probe (Chrono Boost)  
  27  4:08  Probe  
  28  4:11  Stargate  
  28  4:12  Stargate  
  28  4:18  Assimilator  
  28  4:20  Probe  
  29  4:32  Probe  
  30  4:44  Probe  
  31  4:46  Void Ray (Chrono Boost)  
  31  4:47  Void Ray (Chrono Boost)  
  31  4:56  Probe  
  40  5:08  Probe  
  40  5:10  Protoss Air Weapons Level 1  
  40  5:14  Void Ray x2 (Chrono Boost)  
  41  5:20  Probe  
  50  5:32  Probe  
  50  5:33  Protoss Shields Level 1  
  51  5:44  Probe  
  51  5:46  Shield Battery  
  52  5:56  Probe  
  53  6:09  Probe  
  54  6:35  Pylon  
  54  6:37  Pylon  
  54  6:40  Pylon  
  54  6:47  Void Ray x2  
  62  6:55  Probe  
  63  7:07  Probe  
  64  7:15  Protoss Air Armor Level 1 (Chrono Boost)  
  64  7:16  Stargate  
  64  7:18  Stargate  
  64  7:19  Probe  
  64  7:20  Nexus  
  64  7:21  Fleet Beacon  
  65  7:32  Probe  
  66  7:44  Probe  
  67  7:56  Probe, Pylon  
  74  8:12  Carrier x2 (Chrono Boost)  
  86  8:22  Carrier (Chrono Boost)  
  86  8:31  Pylon  
  86  8:33  Pylon  
  86  8:34  Carrier (Chrono Boost)  
  92  8:52  Probe x2 (Chrono Boost)  
  95  9:03  Probe (Chrono Boost)  
  95  9:04  Shield Battery  
  95  9:06  Shield Battery  
  95  9:07  Probe (Chrono Boost)  
  95  9:09  Shield Battery  
  96  9:17  Carrier (Chrono Boost)  
  96  9:18  Carrier (Chrono Boost)  
  96  9:19  Probe  
  109  9:31  Probe  
  86  10:04  Carrier (Chrono Boost)  
  98  10:08  Carrier (Chrono Boost)  
  98  10:24  Probe (Chrono Boost)  
  99  10:32  Assimilator  
  99  10:34  Probe (Chrono Boost)  
  100  10:36  Assimilator  
  100  10:38  Pylon  
  100  10:39  Probe (Chrono Boost)  
  100  10:41  Pylon  
  101  10:43  Pylon  
  101  10:48  Carrier (Chrono Boost)  
  101  10:51  Probe  
  114  11:01  Carrier (Chrono Boost)  
  114  11:03  Probe  
Show
View Real Time Build Order
Export as new Build Order

FTFTXH Protoss - Winner!

Build Orders:  

Get SALT Encoding   

  12  0:01  Probe (Chrono Boost)  
  13  0:10  Probe (Chrono Boost)  
  14  0:15  Probe (Chrono Boost)  
  15  0:30  Pylon  
  15  0:48  Probe  
  16  0:51  Gateway  
  16  0:54  Forge  
  16  1:07  Pylon  
  16  1:08  Pylon  
  16  1:32  Photon Cannon  
  16  1:33  Photon Cannon  
  15  2:07  Photon Cannon  
  15  2:10  Gateway  
  15  2:11  Pylon  
  15  2:24  Photon Cannon  
  15  2:26  Photon Cannon  
  15  2:30  Gateway  
  15  2:34  Cybernetics Core  
  15  2:49  Photon Cannon  
  15  2:53  Probe (Chrono Boost)  
  15  2:57  Assimilator  
  16  3:03  Probe (Chrono Boost)  
  16  3:04  Assimilator  
  17  3:08  Probe (Chrono Boost), Pylon  
  18  3:19  Probe  
  19  3:32  Probe (Chrono Boost), Pylon  
  20  3:38  Warp Gate (Chrono Boost)  
  21  3:42  Probe (Chrono Boost)  
  21  3:47  Probe (Chrono Boost)  
  21  3:49  Adept  
  24  4:00  Photon Cannon  
  24  4:04  Adept  
  24  4:08  Adept  
  28  4:21  Twilight Council  
  28  4:33  Adept  
  30  4:41  Photon Cannon  
  30  4:44  Probe  
  30  4:45  Pylon  
  31  4:56  Probe  
  32  5:09  Resonating Glaives  
  32  5:17  Adept x3  
  38  5:27  Dark Shrine  
  38  5:40  Pylon  
  38  5:48  Pylon  
  23  7:05  Nexus  
  23  7:11  Photon Cannon, Adept x3  
  29  7:20  Photon Cannon  
  29  7:22  Pylon  
  25  7:57  Photon Cannon, Pylon  
  23  8:04  Pylon  
  23  8:06  Assimilator  
  23  8:10  Assimilator, Dark Templar x2  
  23  8:11  Dark Templar  
  29  8:28  Protoss Ground Weapons Level 1  
  28  8:42  Probe  
  29  8:50  Pylon  
  29  8:53  Pylon  
  29  8:54  Probe  
  29  8:55  Probe  
  31  9:02  Dark Templar  
  33  9:06  Probe  
  33  9:07  Probe  
  35  9:18  Probe  
  35  9:19  Probe  
  31  9:30  Gateway  
  31  9:31  Probe  
  32  9:32  Gateway  
  32  9:33  Gateway  
  32  9:43  Probe  
  33  9:52  Gateway x2  
  33  9:59  Pylon  
  33  10:01  Templar Archives  
  33  10:05  Photon Cannon  
  33  10:22  Charge  
  33  10:32  Adept x5  
  33  11:27  Pylon  
  33  11:29  Probe  
  34  11:41  Probe  
  34  11:43  Nexus  
  34  11:45  Assimilator  
  35  11:49  Assimilator  
  35  11:52  Pylon  
  36  11:55  Pylon  
  36  11:58  Pylon  
Show
View Real Time Build Order
Export as new Build Order

qqq Protoss 

Build Orders:  

Get SALT Encoding   

  12  0:04  Probe  
  13  0:17  Pylon  
  13  0:19  Probe  
  14  0:36  Pylon  
  14  0:42  Probe  
  15  0:49  Forge  
  15  1:19  Probe  
  15  1:20  Pylon  
  15  1:30  Photon Cannon  
  15  1:35  Probe  
  16  1:47  Probe  
  17  1:56  Pylon  
  17  2:05  Probe  
  18  2:18  Pylon  
  18  2:20  Pylon  
  18  2:31  Pylon  
  18  2:44  Probe  
  19  2:59  Nexus  
  19  3:09  Pylon  
  19  3:11  Probe  
  20  3:23  Probe  
  20  3:26  Gateway  
  21  3:36  Photon Cannon  
  21  3:42  Assimilator  
  21  3:47  Assimilator  
  21  3:48  Probe (Chrono Boost)  
  22  4:00  Probe (Chrono Boost)  
  23  4:07  Probe (Chrono Boost)  
  24  4:13  Cybernetics Core  
  24  4:17  Probe (Chrono Boost)  
  26  4:18  Probe (Chrono Boost)  
  26  4:27  Probe (Chrono Boost)  
  26  4:29  Probe (Chrono Boost)  
  28  4:32  Probe (Chrono Boost)  
  29  4:38  Probe  
  29  4:42  Pylon  
  29  4:43  Probe  
  31  4:50  Probe  
  32  4:55  Probe  
  33  5:01  Stargate  
  33  5:04  Stargate  
  33  5:08  Assimilator  
  33  5:13  Assimilator  
  33  5:18  Photon Cannon  
  33  5:21  Pylon  
  33  5:25  Probe (Chrono Boost)  
  33  5:26  Probe (Chrono Boost)  
  35  5:38  Probe (Chrono Boost)  
  37  5:43  Probe (Chrono Boost)  
  37  5:44  Robotics Facility  
  37  5:45  Probe (Chrono Boost)  
  37  5:47  Phoenix (Chrono Boost)  
  41  5:50  Probe (Chrono Boost)  
  41  5:52  Probe  
  44  5:59  Phoenix (Chrono Boost)  
  44  6:04  Probe, Phoenix (Chrono Boost)  
  48  6:16  Probe  
  47  6:19  Phoenix  
  49  6:56  Pylon x2  
  49  7:12  Phoenix (Chrono Boost)  
  53  7:21  Phoenix (Chrono Boost)  
  53  7:25  Pylon  
  53  7:28  Phoenix  
  55  7:38  Phoenix  
  57  7:56  Phoenix  
  59  8:14  Phoenix  
  59  8:19  Pylon  
  61  8:24  Nexus  
  61  8:49  Phoenix, Forge  
  61  8:51  Gateway  
  63  9:15  Phoenix  
  66  9:24  Observer  
  66  9:25  Phoenix  
  66  9:30  Nexus  
  57  9:47  Phoenix  
  57  9:50  Phoenix  
  47  10:12  Phoenix  
  48  10:48  Nexus  
  48  10:51  Pylon  
  48  10:55  Fleet Beacon  
  48  11:06  Cybernetics Core  
  46  11:29  Phoenix x2  
Show
View Real Time Build Order
Export as new Build Order

Massa Terran 

Build Orders:  

Get SALT Encoding   

  12  0:00  SCV  
  13  0:12  SCV  
  14  0:19  Supply Depot  
  14  0:24  SCV  
  15  0:40  SCV  
  15  0:42  Barracks  
  16  0:47  Refinery  
  16  0:52  SCV  
  17  1:04  SCV  
  18  1:16  SCV  
  19  1:29  SCV  
  19  1:31  Marine  
  21  1:49  Marine  
  22  1:56  SCV  
  23  2:17  Supply Depot  
  23  2:20  Orbital Command  
  23  2:25  Barracks  
  23  2:32  Supply Depot  
  23  2:38  Marine  
  24  2:52  Refinery, SCV  
  24  2:56  Reaper, Engineering Bay  
  26  3:04  SCV  
  27  3:12  Reaper  
  28  3:28  Reaper  
  28  3:29  Missile Turret  
  28  3:32  Missile Turret  
  29  3:39  Factory  
  29  3:42  Missile Turret  
  29  3:44  Reaper  
  30  3:49  Supply Depot  
  30  3:52  Terran Infantry Weapons Level 1  
  30  4:01  Barracks Tech Lab  
  30  4:04  SCV  
  31  4:16  SCV, Marine  
  33  4:26  Command Center  
  33  4:27  Factory Tech Lab  
  33  4:34  Marine, Missile Turret  
  34  5:11  Marauder  
  34  5:12  Stimpack  
  34  5:13  Siege Tank  
  39  5:16  Barracks Reactor  
  39  5:22  Barracks  
  39  5:25  Armory  
  39  5:28  SCV  
  39  5:32  Marauder  
  42  5:40  SCV  
  43  5:44  Orbital Command  
  43  5:53  SCV  
  44  6:04  Missile Turret  
  44  6:06  Missile Turret  
  44  6:09  Missile Turret  
  44  6:13  SCV x2, Missile Turret  
  44  6:16  Marine x2  
  48  6:19  Marine  
  48  6:25  SCV x2  
  49  6:29  Widow Mine  
  49  6:37  SCV  
  42  6:50  Widow Mine  
  38  6:55  Marine  
  38  6:57  Marine x2  
  40  7:10  SCV x2  
  40  7:11  Widow Mine  
  40  7:13  Marine  
  40  7:15  Marine x2, Missile Turret  
  47  7:22  SCV  
  48  7:25  Combat Shield  
  48  7:30  Barracks Reactor  
  48  7:31  Marine  
  48  7:32  Marine  
  48  7:33  Marine  
  51  7:49  Marine  
  51  7:50  Marine x2  
  50  8:04  Siege Tank  
  53  8:07  Marauder  
  53  8:08  Marine x2  
  57  8:18  Refinery, SCV x2  
  59  8:20  Supply Depot  
  59  8:21  Supply Depot  
  59  8:26  Marine  
  60  8:30  SCV x2  
  62  8:41  Marine x4  
  62  8:42  SCV  
  62  8:43  Concussive Shells  
  62  8:44  Marine  
  62  8:47  Supply Depot  
  68  8:48  Supply Depot  
  68  8:51  Supply Depot  
  68  8:52  Widow Mine  
  70  8:59  Marine x4  
  74  9:14  Widow Mine  
  74  9:15  Marine  
  74  9:16  Marine x3  
  80  9:29  Terran Infantry Weapons Level 2, Terran Vehicle Weapons Level 1  
  78  9:44  Thor  
  84  10:27  Thor  
  72  10:57  Factory  
  72  11:09  Factory  
  72  11:10  Thor  
  78  11:18  Factory  
  78  11:29  Starport  
  67  11:53  Factory Tech Lab x2  
Tags
 
Add a new tag
Caveats
  • Supply blocks, unpowered buildings, or Contaminate may cause inaccurate times.
  • Supply counts are checked every 10 seconds.